 Dungeon Crawl Stone Soup version 0.29-a0-664-gff9cad4a3d (webtiles) character file.

Game seed: 9929199210390846993

3203 DocClef the Basher (level 9, -2/50 HPs)
             Began as a Vine Stalker Fighter on June 22, 2022.
             Was a Follower of Okawaru.
             Slain by an orc warrior
             ... wielding a +0 glaive
              (13 damage)
             ... on level 9 of the Dungeon.
             The game lasted 00:09:17 (5124 turns).

DocClef the Basher (Vine Stalker Fighter)           Turns: 5124, Time: 00:09:17

Health: -2/50      AC: 15    Str: 24    XL:     9   Next: 96%
Magic:  0/10       EV: 10    Int:  8    God:    Okawaru [*.....]
Gold:   17         SH:  4    Dex: 13    Spells: 8/8 levels left

rFire   . . .      SeeInvis .   d - +3 flail (vorpal)
rCold   . . .      Faith    .   c - +0 buckler
rNeg    . . .      Spirit   +   r - +5 ring mail {Will+}
rPois   .          Reflect  .   k - +0 helmet of the Snake Pit {rElec}
rElec   +          Harm     .   e - +0 cloak
rCorr   .          Rampage  .   (no gloves)
Will    +++..                   p - +0 pair of boots
Stlth   +.........              v - amulet of regeneration
HPRegen 1.76/turn               y - ring of willpower
MPRegen 0.12/turn               (no ring)

@: no status effects
A: fangs 3, regeneration 1, magic shield, antimagic bite, no potion heal 2,
iridescent scales 1
a: Renounce Religion, Heroism


You were on level 9 of the Dungeon.
You worshipped Okawaru.
Okawaru was aware of your devotion.
You visited 2 branches of the dungeon, and saw 10 of its levels.

You collected 330 gold pieces.
You spent 313 gold pieces at shops.

Inventory:

Hand Weapons
 a - a +0 flail
 d - a +3 vorpal flail (weapon)
Armour
 c - a +0 buckler (worn)
 e - a +0 cloak (worn)
 k - the +0 helmet of the Snake Pit (worn) {rElec}
   (You bought it in a shop on level 3 of the Dungeon)

   rElec:     It insulates you from electricity.
 p - a +0 pair of boots (worn)
 r - a +5 ring mail of willpower (worn)
Jewellery
 j - an amulet of magic regeneration
 v - an amulet of regeneration (around neck)
 y - a ring of willpower (left hand)
Wands
 g - a wand of iceblast (7)
 h - a wand of digging (8)
 m - a wand of flame (42)
 o - a wand of mindburst (14)
Scrolls
 b - a scroll of enchant armour
 f - 6 scrolls of identify
 i - a scroll of magic mapping {unknown}
Potions
 l - 2 potions of brilliance
 n - a potion of magic {unknown}
 q - 3 potions of curing
 s - a potion of ambrosia
 w - 3 potions of haste {unknown}
 z - a potion of cancellation


   Skills:
 - Level 7.1 Fighting
 + Level 10.8 Maces & Flails
 - Level 2.4 Armour
 - Level 2.6 Shields


You had 8 spell levels left.
You didn't know any spells.
Your spell library contained the following spells:

 Spells                   Type           Power      Damage    Failure   Level
 Necrotize                Necr           0%         1d4       65%         1
 Slow                     Hex            0%         N/A       65%         1
 Static Discharge         Conj/Air       0%         N/A       80%         2
 Confusing Touch          Hex            0%         N/A       95%         3
 Vampiric Draining        Necr           0%         2d6       95%         3
 Dispel Undead            Necr           0%         3d6       100%        4
 Sticky Flame             Conj/Fire      0%         2d3       100%        4
 Agony                    Necr           0%         N/A       100%        5


Dungeon Overview and Level Annotations

Branches:
Dungeon (9/15)             Temple (1/1) D:7
   Lair: D:8-11         Orc: D:9-12

Altars:
Ashenzari
Cheibriados
Elyvilon
Fedhas
Hepliaklqana
Kikubaaqudgha
Makhleb
Nemelex Xobeh
Okawaru
Qazlal
Ru
Sif Muna
Trog
Uskayaw
Vehumet
Wu Jian
Xom
Yredelemnul
Zin
The Shining One

Shops:
D:3 [**


Innate Abilities, Weirdness & Mutations

You have razor-sharp teeth.
Your natural rate of healing is unusually fast.
When hurt, damage is shared between your health and your magic reserves.
Your bite disrupts and absorbs the magic of your enemies.
Potions cannot restore your health.
You are partially covered in iridescent scales. (AC +2)


Message History

The orc hits you but does no damage.
You closely miss the orc. You bite the orc. You drain its power.
The orc is almost dead.
You block the orc warrior's attack. The orc barely misses you.
You sock the orc!
You kill the orc!
Okawaru accepts your kill.
The orc priest hits you but does no damage.
The orc warrior hits you from afar with a +0 glaive!
You hit the orc priest. Your bite misses the orc priest.
The orc priest is moderately wounded.
The orc priest hits you but does no damage.
The orc warrior barely misses you.
The orc priest mumbles some strange prayers to Beogh against you.
Beogh smites you!
You barely miss the orc priest. Your bite misses the orc priest.
The orc priest is moderately wounded.
The orc priest barely misses you.
The orc warrior hits you from afar with a +0 glaive!
You sock the orc priest!
You kill the orc priest!
Okawaru accepts your kill.
The orc warrior hits you from afar with a +0 glaive!
You are too injured to fight recklessly!
You are too injured to fight recklessly!
The orc priest looks encouraged for a moment.
The orc priest calls down the wrath of Beogh upon you.
Beogh smites you!
* * * LOW HITPOINT WARNING * * *
You block the orc warrior's attack.
You closely miss the orc priest.
You bite the orc priest, but do no damage.
The orc priest looks satisfied for a moment.
The orc warrior hits you from afar with a +0 glaive.
* * * LOW HITPOINT WARNING * * *
You hit the orc priest but do no damage.
You closely miss the orc priest. Your bite misses the orc priest.
The orc priest hits you but does no damage.
The orc warrior hits you from afar with a +0 glaive!
You die... o

#)))......... .......
#.##########. .......
#.# ....... #.#
....... #.# .......
#.######## .......
#.........
.......#####.########
......)oo@...#
......)#####.#
....... #.# .......
#.# ....... #.#
....... #.# .......
#.# ####### ###


You could see an orc warrior and an orc priest.

Vanquished Creatures
  Psyche (D:9)
  Sigmund (D:2)
  A steam dragon (D:6)
  Edmund (D:4)
  A sky beast (D:4)
  2 centaurs
  An ogre (D:6)
  A wolf (D:8)
  2 kobold brigands (D:6)
  2 phantoms
  3 necrophages
  8 wights
  5 killer bees (D:9)
  3 howler monkeys (D:8)
  2 hounds
  2 jellies
  8 orc priests
  Crazy Yiuf (D:7)
  8 iguanas
  4 orc wizards
  Robin (D:2)
  A gnoll (D:1)
  6 adders
  A shadow imp (D:5)
  2 ufetubi
  2 worms
  4 dart slugs
  23 orcs
  13 ball pythons
  11 endoplasms
  3 giant cockroaches (D:1)
  15 goblins
  5 hobgoblins
  2 jackals (D:2)
  13 kobolds
  4 quokkas
  10 bats
  7 rats
180 creatures vanquished.

Vanquished Creatures (others)
  A kobold (D:6)
  14 fungi (D:6)
  9 toadstools (D:6)
24 creatures vanquished.

Grand Total: 204 creatures vanquished

Notes
Turn   | Place    | Note
-------+----------+-------------------------------------------
     0 | D:1      | DocClef the Vine Stalker Fighter began the quest for the
                  | Orb.
     0 | D:1      | Reached XP level 1. HP: 11/11 MP: 2/2
    60 | D:1      | Reached XP level 2. HP: 13/16 MP: 3/3
   358 | D:1      | Reached XP level 3. HP: 21/21 MP: 4/4
   971 | D:2      | Noticed Robin
   978 | D:2      | Killed Robin
   979 | D:2      | Gained mutation: Your natural rate of healing is unusually
                  | fast. [Vine Stalker growth]
   979 | D:2      | Reached XP level 4. HP: 21/26 MP: 3/5
  1312 | D:2      | Noticed Sigmund
  1324 | D:2      | Gained mutation: You are partially covered in iridescent
                  | scales. (AC +2) [potion of mutation]
  1339 | D:2      | Killed Sigmund
  1340 | D:2      | Reached XP level 5. HP: 26/32 MP: 4/6
  1340 | D:2      | Reached XP level 6. HP: 29/36 MP: 4/7
  1816 | D:3      | Found Himet's Antique Armour Shoppe.
  1822 | D:3      | Found a faded altar of an unknown god.
  1881 | D:3      | Found Mouv's General Store.
  1905 | D:3      | Found a radiant altar of Vehumet.
  2153 | D:3      | Found Boat's Assorted Antiques.
  2283 | D:4      | Noticed a sky beast
  2296 | D:4      | Killed a sky beast
  2297 | D:4      | Reached XP level 7. HP: 42/42 MP: 6/8
  2336 | D:4      | Reached skill level 2 in Maces & Flails
  2419 | D:4      | Noticed Edmund
  2432 | D:4      | Killed Edmund
  2433 | D:4      | Reached skill level 3 in Maces & Flails
  2794 | D:4      | Reached skill level 4 in Maces & Flails
  3018 | D:5      | Entered Level 5 of the Dungeon
  3102 | D:5      | Gained mutation: You have razor-sharp teeth. [Vine Stalker
                  | growth]
  3102 | D:5      | Reached XP level 8. HP: 32/46 MP: 5/9
  3167 | D:5      | Reached skill level 5 in Maces & Flails
  3613 | D:6      | Reached skill level 6 in Maces & Flails
  3743 | D:6      | Reached skill level 7 in Maces & Flails
  3819 | D:6      | Noticed a slime creature
  3819 | D:6      | Noticed a slime creature
  3872 | D:6      | Reached XP level 9. HP: 48/50 MP: 10/10
  3904 | D:7      | Reached skill level 8 in Maces & Flails
  3997 | D:7      | Found a stormy altar of Qazlal.
  4036 | D:7      | Found a hazy altar of Hepliaklqana.
  4045 | D:7      | Found a burning altar of Makhleb.
  4061 | D:7      | Found a sparkling altar of Nemelex Xobeh.
  4111 | D:7      | Found a staircase to the Ecumenical Temple.
  4317 | Temple   | Entered the Ecumenical Temple
  4543 | Temple   | Became a worshipper of Warmaster Okawaru
  4650 | D:7      | Found a runed translucent door.
  4651 | D:7      | Noticed Crazy Yiuf
  4659 | D:7      | Killed Crazy Yiuf
  4767 | D:3      | Bought an ichor-stained helmet for 313 gold pieces
  4767 | D:3      | Identified the +0 helmet of the Snake Pit {rElec} (You
                  | bought it in a shop on level 3 of the Dungeon)
  4881 | D:8      | Reached skill level 9 in Maces & Flails
  4994 | D:8      | Noticed a troll
  5031 | D:9      | Noticed Psyche
  5032 | D:9      | Reached skill level 10 in Maces & Flails
  5054 | D:9      | Reached * piety under Okawaru
  5065 | D:9      | Killed Psyche
  5124 | D:9      | Slain by an orc warrior

Illustrated notes

Levels and vault maps discovered:
D:1:      saegor_arrival_under_anarchy, layout_basic
D:2:      layout_loops_ring, uniq_robin, uniq_sigmund
D:3:      layout_rooms, vehumet_altar_wand_db, serial_shops,
          nicolae_shop_advertising_works [nicolae_subvault_shop_adworks], shop,
          nicolae_diamond_shop, basic_ecumenical_altar, minmay_statues_item
D:4:      minmay_bubble_buster, layout_gridville, uniq_edmund
D:5:      layout_basic
D:6:      cheibrodos_fertilizer, layout_rooms, serial_aquarium,
          aquarium_bridge_square [aquarium_subvault_bridge,
          aquarium_subvault_bridge, aquarium_subvault_bridge,
          aquarium_subvault_wall], aquarium_bridge_straight
          [aquarium_subvault_bridge, aquarium_subvault_wall,
          aquarium_subvault_bridge, aquarium_subvault_window],
          aquarium_window_fake, aquarium_window_corner, aquarium_window_corner,
          aquarium_view_2d, nicolae_elevator_lobby_plus
D:7:      layout_rooms, grunt_qazlal_clouds,
          chequers_temple_overflow_statue_of_worship,
          minmay_temple_entry_proselytizer, uniq_crazy_yiuf_cottage
D:8:      layout_cave_pools, erik_lair_island
D:9:      layout_small_grid, gammafunk_temple_overflow_pools, orc_0_dummy,
          uniq_psyche
Temple:   regret_index_temple_generic_petals

Skill      XL: |  1  2  3  4  5  6  7  8  9 |
---------------+----------------------------+-----
Fighting       | 3 4 6 7 |  7.1
Maces & Flails | 4 7 10 | 10.8
Armour         | |  2.4
Shields        | |  2.6

Action                   |  1- 3 |  4- 6 |  7- 9 || total
-------------------------+-------+-------+-------++-------
Melee: Flail             |    63 |   134 |   298 ||   495
       Bite              |    11 |    26 |    67 ||   104
  Use: Potion            |     3 |     3 |     2 ||     8
       Scroll            |     1 |       |    15 ||    16
Armor: Scale mail        |    16 |       |       ||    16
       Plate armour      |     6 |   112 |    30 ||   148
       Ring mail         |       |       |   169 ||   169
Dodge: Dodged            |    28 |    36 |   178 ||   242
Block: Buckler           |    15 |    24 |    80 ||   119

Table legend: (Time is in decaauts)
 A = Elapsed time spent in this place.
 B = Non-inter-level travel time spent in this place.
 C = Inter-level travel time spent in this place.
 D = Time resting spent in this place.
 E = Time spent auto-exploring this place.
 F = Levels seen in this place.
 G = Mean time per level.
                   A        B        C        D        E       F      G
               +--------+--------+--------+--------+--------+-----+--------+
         Total |   5216 |   4764 |    452 |    188 |   3256 |  10 |  521.6 |
       Dungeon |   4949 |   4558 |    391 |    188 |   3069 |   9 |  549.9 |
        Temple |    267 |    206 |     61 |      0 |    187 |   1 |  267.0 |
               +--------+--------+--------+--------+--------+-----+--------+

Top non-repeatable levels by time:
     D:2: 939 daAuts
     D:1: 898 daAuts
     D:4: 814 daAuts
     D:5: 638 daAuts
     D:7: 564 daAuts
     D:3: 533 daAuts
     D:6: 319 daAuts
  Temple: 267 daAuts
     D:8: 158 daAuts
     D:9: 82 daAuts
